 Dungeon Sprint DCSS version 0.20-a0-556-g892c87b (webtiles) character file.

1068 Kidiri the Thaumaturge (level 8, -1/49 HPs)
             Began as a Deep Elf Fire Elementalist on Feb 4, 2017.
             Was a Follower of Vehumet.
             Hit by a tomahawk thrown by a merfolk (16 damage)
             ... in the Dungeon (Sprint V: "Ziggurat Sprint").
             The game lasted 00:02:21 (206 turns).

Kidiri the Thaumaturge (Deep Elf Fire Elementalist)  Turns: 206, Time: 00:02:22

Health: -1/49      AC:  2    Str:  5    XL:     8   Next: 7%
Magic:  11/28      EV: 17    Int: 41    God:    Vehumet [*.....]
Gold:   0          SH:  0    Dex: 15    Spells: 6/24 levels left

rFire    . . .     SeeInvis .   m - +6 Majin-Bo {vamp, Archmagi MP+6 Int+6}
rCold    . . .     Gourm    .   a - +0 robe
rNeg     . . .     Faith    .   (shield currently unavailable)
rPois    .         Spirit   .   (no helmet)
rElec    .         Reflect  .   (no cloak)
rCorr    .         Harm     .   (no gloves)
MR       .....     NoTele   +   (no boots)
Stlth    ++........             (no amulet)
Regen    0.2/turn               B - +6 ring of intelligence
                                A - +6 ring of intelligence

@: no status effects
A: no striking features
a: Renounce Religion


You were in the Dungeon.
You worshipped Vehumet.
Vehumet was aware of your devotion.
You were hungry.

You visited 1 branch

Inventory:

Hand Weapons
 m - the +6 Majin-Bo (weapon) {vamp, Archmagi MP+6 Int+6}
   (You found it in the Dungeon)

   It inflicts no extra harm, but heals its wielder when it wounds a living foe.
   It affects your intelligence (+6).
   It affects your magic capacity (+6).
Armour
 a - a +0 robe (worn)
Jewellery
 y - a +6 ring of dexterity
 z - a +6 ring of dexterity
 A - a +6 ring of intelligence (left hand)
 B - a +6 ring of intelligence (right hand)
 C - a +6 ring of strength
 D - a +6 ring of strength
Wands
 E - a wand of disintegration (7/24)
 F - a wand of iceblast (5/15)
 G - a wand of lightning (5/15)
 H - a wand of acid (3/15)
Scrolls
 i - 4 scrolls of blinking
 p - 4 scrolls of amnesia
 q - 2 scrolls of recharging
 r - 7 scrolls of fog
 s - a scroll of holy word
 t - 5 scrolls of identify
 u - 5 scrolls of remove curse
 v - 2 scrolls of fear
Potions
 d - 10 potions of curing
 e - 11 potions of heal wounds
 f - 6 potions of haste
 g - 7 potions of magic
 h - 3 potions of berserk rage
 j - 2 potions of brilliance
 k - 2 potions of invisibility
 l - 4 potions of resistance
 n - 5 potions of agility
 o - 5 potions of might
Books
 b - a book of Flames

   Spells                             Type                      Level
   a - Flame Tongue                   Conjuration/Fire             1
   b - Throw Flame                    Conjuration/Fire             2
   c - Conjure Flame                  Conjuration/Fire             3
   d - Inner Flame                    Hexes/Fire                   3
   e - Sticky Flame                   Conjuration/Fire             4
   f - Fireball                       Conjuration/Fire             5
Comestibles
 c - 5 bread rations
 w - 40 fruits
 x - 4 meat rations


   Skills:
 + Level 5.1 Fighting
 + Level 6.2 Staves
 + Level 5.0 Armour
 + Level 8.0 Dodging
 - Level 2.4 Stealth
 + Level 8.7 Spellcasting
 + Level 7.0 Conjurations
 + Level 7.7 Fire Magic
 + Level 6.8 Evocations


You had 6 spell levels left.
You knew the following spells:

 Your Spells              Type           Power        Failure   Level  Hunger
a - Flame Tongue          Conj/Fire      #####        1%          1    None
b - Throw Flame           Conj/Fire      ######       1%          2    None
c - Conjure Flame         Conj/Fire      #######.     1%          3    None
d - Inner Flame           Hex/Fire       ######..     1%          3    None
e - Sticky Flame          Conj/Fire      #######.     1%          4    None
f - Fireball              Conj/Fire      #######...   2%          5    ##.....


Dungeon Overview and Level Annotations

Branches:
Dungeon (1/1)

Altars:
Ashenzari
Cheibriados
Dithmenos
Elyvilon
Fedhas
Gozag
Hepliaklqana
Kikubaaqudgha
Makhleb
Nemelex Xobeh
Okawaru
Qazlal
Ru
Sif Muna
Trog
Uskayaw
Vehumet
Xom
Yredelemnul
Zin
The Shining One
Beogh
Jiyva
Lugonu


Message History

Okay, then.
Unknown command.
Casting: Sticky Flame
Confirm with . or Enter, or press ? or * to list all spells.
Aiming: Fireball
Press: ? - help, Shift-Dir - straight line You feel a surge of power!
The fireball explodes!
The fireball engulfs the merfolk.
You kill the merfolk!
Vehumet accepts your kill.
Your Fighting skill increases to level 5!
Your Staves skill increases to level 6!
Your Armour skill increases to level 5!
Your Dodging skill increases to level 8!
Your Conjurations skill increases to level 7!
You have reached level 8!
You feel clever.
The fireball engulfs the merfolk.
The merfolk is severely wounded.
The merfolk throws a tomahawk.
The tomahawk hits you!
You die...

▓▓▓▓▓▓▓▓▓▓▓▓▓
▓.8©8.▓.8©8.▓
▓...[.▓.....▓
▓..)m.▓.[...▓
▓.....▓.....▓
▓..)..▓.....▓
▓..@..▓.....▓
▓..(..▓▓▓▓▓▓▓
▓▓▓▓▓▓▓


You could see a merfolk.

Vanquished Creatures
  2 toenail golems (D)
  2 merfolk (D)
4 creatures vanquished.

Notes
Turn   | Place    | Note
-------+----------+-------------------------------------------
     0 | D        | Kidiri the Deep Elf Fire Elementalist began the quest for the Orb.
     0 | D        | Reached XP level 1. HP: 10/10 MP: 6/6
     0 | D        | Found a deep blue altar of Sif Muna.
     0 | D        | Found a sacrificial altar of Ru.
     0 | D        | Found a bloodstained altar of Trog.
     0 | D        | Found a stormy altar of Qazlal.
     0 | D        | Found an iron altar of Okawaru.
     0 | D        | Found a sparkling altar of Nemelex Xobeh.
     0 | D        | Found a blossoming altar of Fedhas.
     2 | D        | Found an ancient bone altar of Kikubaaqudgha.
     2 | D        | Found a viscous altar of Jiyva.
     2 | D        | Found a corrupted altar of Lugonu.
     2 | D        | Found a hazy altar of Hepliaklqana.
     2 | D        | Found a burning altar of Makhleb.
     2 | D        | Found an opulent altar of Gozag.
    63 | D        | Became a worshipper of Vehumet
    64 | D        | Reached skill level 1 in Fighting
    64 | D        | Reached skill level 1 in Armour
    64 | D        | Reached XP level 2. HP: 17/17 MP: 7/9
    68 | D        | Learned a level 2 spell: Throw Flame
   143 | D        | Entered arena 1.
   143 | D        | Noticed a toenail golem
   143 | D        | Noticed a toenail golem
   150 | D        | Killed a toenail golem
   150 | D        | Reached skill level 5 in Conjurations
   150 | D        | Reached skill level 5 in Evocations
   150 | D        | Reached XP level 3. HP: 11/24 MP: 13/13
   150 | D        | Reached XP level 4. HP: 14/29 MP: 14/14
   150 | D        | Reached XP level 5. HP: 15/33 MP: 16/16
   150 | D        | Reached XP level 6. HP: 18/38 MP: 17/17
   155 | D        | Killed a toenail golem
   155 | D        | Reached skill level 5 in Staves
   155 | D        | Reached XP level 7. HP: 40/44 MP: 18/20
   160 | D        | Learned a level 3 spell: Conjure Flame
   164 | D        | Learned a level 3 spell: Inner Flame
   169 | D        | Learned a level 4 spell: Sticky Flame
   175 | D        | Learned a level 5 spell: Fireball
   202 | D        | Entered arena 2.
   202 | D        | Noticed a merfolk
   202 | D        | Noticed a merfolk
   202 | D        | Noticed a merfolk
   204 | D        | Killed a merfolk
   204 | D        | Reached * piety under Vehumet
   204 | D        | Offered knowledge of Shock by Vehumet.
   206 | D        | Killed a merfolk
   206 | D        | Reached skill level 5 in Fighting
   206 | D        | Reached skill level 5 in Armour
   206 | D        | Reached XP level 8. HP: 20/49 MP: 11/22
   206 | D        | Hit by a tomahawk thrown by a merfolk

Vault maps used:
D:        sprint_v

Skill      XL: |  1  2  3  4  5  6  7 |
---------------+----------------------+-----
Fighting       | 1 3 4 5 |  5.1
Staves         | 2 4 5 6 |  6.2
Armour         | 1 3 4 5 |  5.0
Dodging        | 4 6 7 8 |  8.0
Spellcasting   | 4 6 7 8 |  8.7
Conjurations   | 3 5 6 7 |  7.0
Fire Magic     | 4 6 7 |  7.7
Evocations     | 2 5 6 |  6.8
Stealth        | |  2.4

Action                   |  1- 3 |  4- 6 |  7- 9 || total
-------------------------+-------+-------+-------++-------
 Cast: Fireball          |       |       |     3 ||     3
Evoke: Wand              |     4 |     3 |     1 ||     8
  Use: Potion            |     3 |     1 |       ||     4
       Scroll            |       |     1 |       ||     1
  Eat: Fruit             |     2 |       |       ||     2
Dodge: Dodged            |     4 |     3 |     1 ||     8
